 Dungeon Crawl Stone Soup version 0.29-a0-477-g62b78b4225 (webtiles) character file.

Game seed: 5904540687490089341

48 snetch the Magician (level 4, -1/31 HPs)
             Began as a Djinni Fire Elementalist on May 24, 2022.
             Was a Follower of Makhleb.
             Slain by a gnoll
             ... wielding a +0 club
              (4 damage)
             ... on level 2 of the Dungeon.
             The game lasted 00:05:09 (1748 turns).

snetch the Magician (Djinni Fire Elementalist)      Turns: 1748, Time: 00:05:10

Health: -1/31      AC:  3    Str:  7    XL:     4   Next: 0%
Gold:   75         EV: 11    Int: 19    God:    Makhleb [*.....] SH:  0 Dex: 13

rFire   + + .      SeeInvis .   a - +0 dagger
rCold   x . .      Faith    .   (no shield)
rNeg    . . .      Spirit   .   n - +0 leather armour
rPois   ∞          Reflect  .   (no helmet)
rElec   .          Harm     .   (no cloak)
rCorr   .          Rampage  .   (no gloves)
Will    .....                   (boots unavailable)
Stlth   ++........              (no amulet)
HPRegen 0.10/turn               (no ring)
MPRegen 0.00/turn               (no ring)

@: flying
A: sickness immunity, fire resistance 2, cold vulnerability 1, float, innate
caster, HP casting, extra vitality 1
a: Renounce Religion


You were on level 2 of the Dungeon.
You worshipped Makhleb.
Makhleb was aware of your devotion.
You visited 1 branch of the dungeon, and saw 3 of its levels.

You collected 75 gold pieces.

Inventory:

Hand Weapons
 a - a +0 dagger (weapon)
Missiles
 d - 2 javelins
 g - 121 stones
 q - 3 poisoned darts
Armour
 e - a +0 scale mail
 n - a +0 leather armour (worn)
 r - a +0 kite shield
Magical Staves
 b - a staff of earth
Scrolls
 c - a scroll of summoning {unknown}
 f - 2 scrolls of identify {unknown}
 h - 2 scrolls of enchant weapon {unknown}
 k - a scroll of teleportation {unknown}
 l - a scroll of magic mapping {unknown}
 m - a scroll of torment {unknown}
Potions
 i - a potion of attraction {unknown}
 j - a potion of brilliance {unknown}
 o - a potion of flight {unknown}
 p - 2 potions of magic {unknown}


   Skills:
 * Level 0.3 Fighting
 + Level 2.4 Dodging
 + Level 2.0 Stealth
 + Level 3.2 Spellcasting


You couldn't memorise any spells.
You knew the following spells:

 Your Spells              Type           Power      Damage    Failure   Level
a - Foxfire               Conj/Fire      60%        2x1d7     6%          1
b - Scorch                Fire           30%        2d7       9%          2
c - Conjure Flame         Conj/Fire      15%        6-21      17%         3
d - Inner Flame           Hex/Fire       15%        N/A       17%         3
e - Flame Wave            Conj/Fire      15%        2d6       50%         4
f - Slow                  Hex            60%        N/A       6%          1
Your spell library was empty.

Dungeon Overview and Level Annotations

Branches:
Dungeon (3/15)

Altars:
Hepliaklqana
Makhleb


Innate Abilities, Weirdness & Mutations

You are immune to sickness and miasma.
You are immune to poison.
Your flesh is very heat resistant. (rF++)
You are vulnerable to cold. (rC-)
You float through the air rather than walking.
You learn spells naturally, not from books.
Your magical power is your life essence.
You have superior vitality. (+4 MHP)


Message History

The gnoll is heavily wounded.
The foxfire hits the gnoll.
The gnoll is severely wounded.
The foxfire hits the gnoll.
The gnoll is severely wounded.
Casting: Foxfire (safe; 6% risk of failure)
Press: ? - help, Q - select action, (/) - cycle Dir - look around, f - activate You conjure some foxfire!
Unknown command.
Casting: Foxfire (safe; 6% risk of failure)
Press: ? - help, Q - select action, (/) - cycle Dir - look around, f - activate You conjure some foxfire!
The foxfire hits the kobold.
The kobold is severely wounded.
The foxfire hits the kobold but does no damage.
The kobold is severely wounded.
The kobold misses you.
The foxfire hits the gnoll.
The gnoll is lightly wounded.
An orc comes into view. It is wielding a +0 club.
The orc shouts!
The foxfire hits the kobold.
You kill the kobold!
Makhleb accepts your kill.
Your magical contamination has completely faded away.
You have reached level 4!
You feel clever.
Casting: Foxfire (safe; 6% risk of failure)
Confirm with . or Enter, or press ? or * to list all spells.
Aiming: Slow (safe; 6% risk of failure)
Press: ? - help, Shift-Dir - straight line, f - gnoll
Aim: a gnoll, wielding a +0 club (severely wounded, chance to affect: 63%)
The gnoll resists with significant effort.
* * * LOW HITPOINT WARNING * * *
The gnoll hits you with a +0 club.
* * * LOW HITPOINT WARNING * * *
The gnoll attacks as you move away! The gnoll barely misses you.
The gnoll attacks as you move away! The gnoll hits you with a +0 club.
* * * LOW HITPOINT WARNING * * *
The gnoll attacks as you move away! The gnoll hits you with a +0 club.
You die...

#..###########.###.#######
#.................).......
#.#############.o.........
#.# ##g#.######. #.# #.#.#
#.# #g#.. ##.## #g####
#...#############g#
#.#......[......@.#
#...############### #####


You could see 4 gnolls and an orc.

Vanquished Creatures
  An adder (D:2)
  2 dart slugs (D:2)
  5 ball pythons (D:1)
  5 bats
  3 endoplasms (D:1)
  2 giant cockroaches (D:1)
  2 goblins (D:1)
  3 hobgoblins
  2 kobolds
  A quokka (D:1)
  4 frilled lizards
  4 rats (D:1)
34 creatures vanquished.

Vanquished Creatures (others)
  118 foxfires
118 creatures vanquished.

Grand Total: 152 creatures vanquished

Notes
Turn   | Place    | Note
-------+----------+-------------------------------------------
     0 | D:1      | snetch the Djinni Fire Elementalist began the quest for the
                  | Orb.
     0 | D:1      | Reached XP level 1. HP: 15/15 MP: 0/0
    32 | D:3      | Found a burning altar of Makhleb.
    42 | D:3      | Became a worshipper of Makhleb the Destroyer
    90 | D:2      | Found a hazy altar of Hepliaklqana.
    98 | D:2      | Reached XP level 2. HP: 5/21 MP: 0/0
   477 | D:1      | Reached skill level 3 in Spellcasting
   484 | D:1      | Reached XP level 3. HP: 20/25 MP: 0/0
   484 | D:1      | Learned a level 1 spell: Slow
  1089 | D:1      | Reached * piety under Makhleb
  1741 | D:2      | Reached XP level 4. HP: 10/31 MP: 0/0
  1748 | D:2      | Slain by a gnoll

Illustrated notes

Levels and vault maps discovered:
D:1:      minmay_arrival_shoal_huts, layout_loops_ring
D:2:      layout_loops_ring, dreamdust_ecumenical_altar_statues, basic_altar,
          chequers_serial_rivers_marsh, minmay_pentomino_u4
D:3:      layout_rooms, mainiacjoe_overflow_paths, bloody_makhleb, corexii_shack

Skill      XL: |  1  2  3 |
---------------+----------+-----
Spellcasting   | 3 |  3.2
Stealth        | 2 |  2.0
Fighting       | |  0.3
Dodging        | |  2.4

Action                   |  1- 3 |  4- 6 || total
-------------------------+-------+-------++-------
 Cast: Foxfire           |    70 |       ||    70
       Scorch            |     3 |       ||     3
       Slow              |       |     1 ||     1
Armor: Robe              |     1 |       ||     1
Dodge: Dodged            |    13 |     1 ||    14

Table legend: (Time is in decaauts)
 A = Elapsed time spent in this place.
 B = Non-inter-level travel time spent in this place.
 C = Inter-level travel time spent in this place.
 D = Time resting spent in this place.
 E = Time spent auto-exploring this place.
 F = Levels seen in this place.
 G = Mean time per level.
                   A        B        C        D        E       F      G
               +--------+--------+--------+--------+--------+-----+--------+
         Total |   1748 |   1669 |     79 |    213 |    971 |   3 |  582.7 |
       Dungeon |   1748 |   1669 |     79 |    213 |    971 |   3 |  582.7 |
               +--------+--------+--------+--------+--------+-----+--------+

Top non-repeatable levels by time:
     D:1: 1416 daAuts
     D:2: 307 daAuts
     D:3: 24 daAuts
